 Dungeon Crawl Stone Soup version 0.22-a0-877-g5c4e1afb51 (console) character file.

102 Lexodia the Cudgeler (level 4, -1/48 HPs)
             Began as an Ogre Berserker on July 29, 2018.
             Was a Believer of Trog.
             Slain by an adder (4 damage)
             ... on level 2 of the Dungeon.
             The game lasted 00:02:33 (1254 turns).

Lexodia the Cudgeler (Ogre Berserker)               Turns: 1254, Time: 00:02:33

Health: -1/48      AC:  3    Str: 22    XL:     4   Next: 77%
Magic:  4/4        EV: 10    Int:  8    God:    Trog [**....]
Gold:   74         SH:  0    Dex:  8    Spells: 3/3 levels left

rFire    . . .     SeeInvis .   e - +0 whip
rCold    . . .     Gourm    .   (no shield)
rNeg     . . .     Faith    .   b - +0 animal skin
rPois    .         Spirit   .   (helmet restricted)
rElec    .         Reflect  .   (no cloak)
rCorr    .         Harm     .   (gloves unavailable)
MR       +....                  (boots unavailable)
Stlth    +.........             (no amulet)
HPRegen  0.16/turn              h - ring of protection from magic
MPRegen  0.09/turn              (no ring)

@: berserk cooldown, hasted, very quick
A: large, unfitting armour, tough skin 1
a: Berserk, Trog's Hand, Renounce Religion


You were on level 2 of the Dungeon.
You worshipped Trog.
Trog was pleased with you.
You were not hungry.

You visited 1 branch of the dungeon, and saw 2 of its levels.

You collected 74 gold pieces.

Inventory:

Hand Weapons
 a - a +0 mace
 e - a +0 whip (weapon)
Armour
 b - a +0 animal skin (worn)
Jewellery
 h - a ring of protection from magic (left hand)
Scrolls
 d - a scroll of blinking {unknown}
 g - a scroll of remove curse {unknown}
 i - a scroll of immolation {unknown}
Comestibles
 c - 3 rations
 f - a chunk of flesh


   Skills:
 - Level 4.0 Fighting
 + Level 4.7 Maces & Flails
 - Level 3.0 Dodging


You had 3 spell levels left.
You didn't know any spells.
Your spell library was empty.

Dungeon Overview and Level Annotations

Branches:
Dungeon (2/15)

Altars:


Innate Abilities, Weirdness & Mutations

You are too large for most types of armour.
You have tough skin. (AC +1)


Message History

You start resting.
Eating one of 2 chunks of flesh.
You eat one of the 2 chunks of flesh.
This raw flesh tastes terrible.
You feel sick.
You are no longer poisoned.
Huge Dmg: -2%(-1hp) hp: 7%(3hp)
You start resting.
An adder comes into view.
The adder hisses angrily.
You feel yourself speed up. The adder bites you.
* * * LOW HITPOINT WARNING * * *
Huge Dmg: -8%(-4hp) hp: 15%(7hp)
You barely miss the adder. The adder bites you but does no damage.
You hit the adder.
The adder is lightly wounded.
The adder bites you.
* * * LOW HITPOINT WARNING * * *
Huge Dmg: -10%(-5hp) hp: 7%(3hp) It was a potion of haste.
You feel yourself speed up. The adder bites you.
You die...

#......###....
#.......hh....
#......### ####.#...#
#.#.#.# #####.#.#.#
#.........#
#.....#.#######
#.....#.S@....##########
#.....#######.##...#...#
#.....# #.##.#.#.#.#
#.....# #....#...#.#
#.....# #########<.#
#..... #<.....# #..##.##
#..##.# #...#.#


You could see an adder.

Vanquished Creatures
  6 adders (D:2)
  A worm (D:2)
  A dart slug (D:1)
  6 bats
  2 giant cockroaches (D:1)
  5 hobgoblins
  2 jackals (D:2)
  A quokka (D:2)
  A ball python (D:1)
  2 frilled lizards (D:2)
  9 kobolds
  9 rats
45 creatures vanquished.

Notes
Turn   | Place    | Note
-------+----------+-------------------------------------------
     0 | D:1      | Lexodia the Ogre Berserker began the quest for the Orb.
     0 | D:1      | Reached XP level 1. HP: 24/24 MP: 1/1
   135 | D:1      | Reached XP level 2. HP: 28/32 MP: 2/2
   160 | D:1      | Huge Dmg: 9 dmg
   361 | D:1      | Huge Dmg: 6 dmg
   407 | D:1      | Reached ** piety under Trog
   603 | D:1      | Reached XP level 3. HP: 37/39 MP: 3/3
   844 | D:2      | Huge Dmg: 3 dmg
   846 | D:2      | Huge Dmg: 1 dmg
  1140 | D:2      | Reached XP level 4. HP: 45/48 MP: 4/4
  1197 | D:2      | Huge Dmg: 5 dmg
  1198 | D:2      | Huge Dmg: 3 dmg
  1210 | D:2      | Huge Dmg: 2 dmg
  1216 | D:2      | Huge Dmg: 2 dmg
  1217 | D:2      | Huge Dmg: 1 dmg
  1252 | D:2      | Huge Dmg: 4 dmg
  1254 | D:2      | Huge Dmg: 5 dmg
  1254 | D:2      | Slain by an adder

Vault maps used:
D:1:      wheals_arrival_linesprint, minmay_stone_trees_small
D:2:      first_ration

Skill      XL: |  1  2  3 |
---------------+----------+-----
Maces & Flails | 3 4 |  4.7
Dodging        | 3 |  3.0
Fighting       | |  4.0

Action                   |  1- 3 |  4- 6 || total
-------------------------+-------+-------++-------
Melee: Mace              |    13 |       ||    13
       Whip              |    94 |    44 ||   138
Invok: Berserk           |       |     1 ||     1
  Use: Potion            |     1 |     1 ||     2
  Eat: Chunk             |     1 |     1 ||     2
Armor: Animal skin       |    34 |    15 ||    49
Dodge: Dodged            |    68 |    27 ||    95

Table legend:
 A = Spawn XP
 B = Non-spawn XP
 C = Spawn XP percentage of total XP
 D = Spawn monster count
 E = Non-spawn monster count
 F = Spawn count percentage of total count
 G = Total turns spent on level
                    A         B        C        D         E        F      G
               +---------+---------+-------+---------+---------+-------+---------
         Total |       0 |     146 |   0.0 |       0 |      45 |   0.0 |  1254
               +---------+---------+-------+---------+---------+-------+---------
           D:1 |       0 |      34 |   0.0 |       0 |      20 |   0.0 |   676
           D:2 |       0 |     112 |   0.0 |       0 |      25 |   0.0 |   578
               +---------+---------+-------+---------+---------+-------+---------
